 Dungeon Crawl Stone Soup version 0.30-a0-439-g9e77e4d916 (webtiles) character file.

Game seed: 16977737380574177390

4 McMuffin the Slasher (level 1, 0/16 HPs)
             Began as a Demonspawn Gladiator on Dec 10, 2022.
             Slain by a bat (1 damage)
             ... on level 1 of the Dungeon.
             The game lasted 00:00:15 (25 turns).

McMuffin the Slasher (Demonspawn Gladiator)           Turns: 25, Time: 00:00:15

Health: 0/16       AC:  4    Str: 14    XL:     1   Next: 50%
Magic:  1/1        EV: 12    Int:  9    God:
Gold:   0          SH:  0    Dex: 14    Spells: 0/0 levels left

rFire   . . .      SeeInvis .    a - +0 long sword
rCold   . . .      Faith    .    (no shield)
rNeg    . . .      Spirit   .    b - +0 leather armour
rPois   .          Reflect  .    c - +0 helmet
rElec   .          Harm     .    (no cloak)
rCorr   .          Rampage  .    (no gloves)
Will    .....                    (no boots)
Stlth   +.........               (no amulet)
HPRegen 0.22/turn                (no ring)
MPRegen 0.07/turn                (no ring)

@: no status effects
A: no striking features
a: no special abilities


You were on level 1 of the Dungeon.
You visited 1 branch of the dungeon, and saw 1 of its levels.

Inventory:

Hand Weapons
 a - a +0 long sword (weapon)
Missiles
 d - 3 throwing nets (quivered)
 e - a javelin
Armour
 b - a +0 leather armour (worn)
 c - a +0 helmet (worn)


   Skills:
 + Level 2.0 Fighting
 + Level 2.8 Long Blades
 + Level 1.8 Throwing
 + Level 2.7 Dodging


You couldn't memorise any spells.
You didn't know any spells.
Your spell library was empty.

Dungeon Overview and Level Annotations

Branches:
Dungeon (1/15)

Altars:


Message History

You closely miss the hobgoblin. The hobgoblin barely misses you.
You slash the hobgoblin!
You kill the hobgoblin!
The ball python closely misses you. The ball python barely misses you.
You slash the ball python!
You kill the ball python!
A goblin comes into view. It is wielding a +0 club.
The goblin shouts!
A bat comes into view.
A goblin comes into view. It is wielding a +0 dagger.
The bat moves out of view.
You see here a ball python corpse.
Found a stone staircase leading down.
A goblin comes into view. It is wielding a +0 dagger.
Found a whip.
The goblin shouts!
The goblin barely misses you. The goblin misses you.
The goblin barely misses you.
You barely miss the goblin. The goblin closely misses you.
The goblin hits you with a +0 dagger. The goblin barely misses you.
You barely miss the goblin. The goblin closely misses you. x2
The goblin hits you with a +0 dagger.
You slash the goblin!
You kill the goblin!
The goblin hits you with a +0 club.
The goblin hits you with a +0 dagger. x2
The goblin misses you.
Found 9 stones.
The goblin closely misses you. x2
You see here a +0 dagger.
You closely miss the goblin. The bat closely misses you.
The bat barely misses you. The goblin hits you with a +0 dagger.
* * * LOW HITPOINT WARNING * * *
The goblin barely misses you.
You closely miss the goblin. The bat hits you but does no damage.
The goblin hits you with a +0 dagger.
* * * LOW HITPOINT WARNING * * *
The goblin hits you but does no damage.
You hit the goblin.
You kill the goblin!
The bat hits you.
You die...

#####.....#####..........
.........................
...............†.......##
.......<................>
................†........
...............#......##.
#####.....#####..........
#...#.....#...#..g.......
#.8.#.....#.8.#)@........
#...#.....#...#.b##......
#####.....#####... ......
...........#....
.............)..
......#+#### ... ......
.....(


You could see a goblin and a bat.

Vanquished Creatures
  A hobgoblin (D:1)
  2 ball pythons (D:1)
  2 goblins (D:1)
5 creatures vanquished.

Notes
Turn   | Place    | Note
-------+----------+-------------------------------------------
     0 | D:1      | McMuffin the Demonspawn Gladiator began the quest for the
                  | Orb.
     0 | D:1      | Reached XP level 1. HP: 16/16 MP: 1/1
    25 | D:1      | Slain by a bat

Illustrated notes

Levels and vault maps discovered:
D:1:      minmay_arrival_glassed_features, layout_basic

Action                   || total
-------------------------++-------
Melee: Long sword        ||    11
Armor: Leather armour    ||     2
Dodge: Dodged            ||    18

Table legend: (Time is in decaauts)
 A = Elapsed time spent in this place.
 B = Non-inter-level travel time spent in this place.
 C = Inter-level travel time spent in this place.
 D = Time resting spent in this place.
 E = Time spent auto-exploring this place.
 F = Levels seen in this place.
 G = Mean time per level.
                   A        B        C        D        E       F      G
               +--------+--------+--------+--------+--------+-----+--------+
         Total |     27 |     27 |      0 |      0 |      0 |   1 |   27.0 |
       Dungeon |     27 |     27 |      0 |      0 |      0 |   1 |   27.0 |
               +--------+--------+--------+--------+--------+-----+--------+

Top non-repeatable levels by time:
     D:1: 27 daAuts
